 Dungeon Crawl Stone Soup version 0.32-a0-996-gb3226c233f (webtiles) character file.

Game seed: 17717666083059051316

217492 Esekla the Fighter (level 18, -2/146 HPs)
             Began as a Demonspawn Wanderer on Apr 23, 2024.
             Was an Elder of Ashenzari.
             Hit by a silver javelin thrown by a merfolk javelineer (9 damage)
             ... on level 4 of the Shoals.
             The game lasted 05:39:34 (34221 turns).

Esekla the Fighter (Demonspawn Wanderer)           Turns: 34221, Time: 05:39:34

Health: -2/146     AC: 19    Str:  9    XL:     18   Next: 39%
Magic:  0/36       EV: 24    Int: 27    God:    Ashenzari [****..]
Gold:   4025       SH: 14    Dex: 17    Spells: 25/45 levels left

rFire   . . .        v - +4 quick blade (venom)
rCold   + . .        d - +2 kite shield {rC+}
rNeg    . . .        A - +3 troll leather armour "Sibylline Jealousy" {Regen+, Snorg, Self, Comp} (curse)
rPois   +            (helmet unavailable)
rElec   +            G - +2 cloak "Tethered Together" {Melee, Cun} (curse)
rCorr   .            b - +2 pair of gloves "Shame of Ashenzari" {+Blink rC+ Int+3 SInv, Cun, Elem} (curse)
SInv    +            j - +2 pair of slick slippers {slick, slippery, EV+4, Cun, Melee} (curse)
Will    +....        x - amulet "Shattered Repose" {rElec rPois rC- RegenMP+ Int+4, Melee, Sorc} (curse)
Stlth   +++++        I - ring of wizardry
HPRegen 1.24/turn    Y - ring of Ouranomancy {EV+5, Comp, Elem} (curse)
MPRegen 0.90/turn

%: clarity, guardian spirit, wizardry (x1)
@: fugue, wreathed by umbra, invisible, very slow
A: horns 3, thin metallic scales 3, magic shield, magic regeneration, foul
shadow 2
}: 1/15 runes: gossamer
a: Renounce Religion, Evoke Blink, Curse Item, Shatter the Chains


You were on level 4 of the Shoals.
You worshipped Ashenzari.
Ashenzari was greatly pleased with you.
You visited 6 branches of the dungeon, and saw 31 of its levels.
You also visited: Ossuary and Ice Cave.

You collected 4560 gold pieces.
You spent 535 gold pieces at shops.

Inventory:

Hand Weapons
 f - a +4 scimitar of flaming
 r - the +7 trident "Giantbane" {heavy, rC+}
   (You found it on level 5 of the Lair of Beasts)

   rC+:       It protects you from cold.
 s - a +2 dagger of protection
 v - a +4 quick blade of venom (weapon)
 w - a +2 dagger of holy wrath
 z - the +4 falchion of Recklessness {freeze, +Blink rN+ Will+}
   (You found it on level 13 of the Dungeon)

   rN+:       It protects you from negative energy.
   Will+:     It increases your willpower.
   +Blink:    It lets you blink.
Missiles
 y - 35 poisoned darts
 U - 8 curare-tipped darts
 V - 40 boomerangs (quivered)
 X - 5 darts of dispersal
Armour
 b - the cursed +2 pair of gloves "Shame of Ashenzari" (worn) {+Blink rC+ Int+3 SInv, Cun, Elem}
   (You found it on level 5 of the Lair of Beasts)

   Int+3:     It affects your intelligence (+3).
   rC+:       It protects you from cold.
   SInv:      It lets you see invisible.
   +Blink:    It lets you blink.
   It has a curse which improves the following skills: Cunning: Dodging and
   Stealth.
   Elements:  Fire Magic, Ice Magic, Air Magic and Earth Magic.
 d - a +2 kite shield of cold resistance (worn)
 j - the cursed +2 pair of slick slippers (worn) {slick, slippery, EV+4, Cun, Melee}
   (You found it on level 4 of the Spider Nest)

   Slick:     Its wearer cannot be constricted, engulfed, netted, webbed, or
   stopped by binding sigils.
   Slippery:  Its wearer slips away from damaging melee attacks, pulling the
   attacker onward.
   EV+4:      It affects your evasion (+4).
   It has a curse which improves the following skills: Cunning: Dodging and
   Stealth.
   Melee Combat: Short Blades, Long Blades, Axes, Maces & Flails, Polearms,
   Staves and Unarmed Combat.
 m - a +0 leather armour of cold resistance
 A - the cursed +3 troll leather armour "Sibylline Jealousy" (worn) {Regen+, Snorg, Self, Comp}
   (You found it on level 12 of the Dungeon)

   Regen+:    It increases your rate of health regeneration.
   It has a curse which improves the following skills: Introspection: Fighting
   and Spellcasting.
   Companions: Summonings and Necromancy.
 G - the cursed +2 cloak "Tethered Together" (worn) {Melee, Cun}
   (You took it off Maurice on level 7 of the Dungeon)

   It has a curse which improves the following skills: Melee Combat: Short
   Blades, Long Blades, Axes, Maces & Flails, Polearms, Staves and Unarmed
   Combat.
   Cunning:   Dodging and Stealth.
Jewellery
 l - a ring of resist corrosion
 t - a ring of protection from fire
 x - the cursed amulet "Shattered Repose" (around neck) {rElec rPois rC- RegenMP+ Int+4, Melee, Sorc}
   (You found it on level 5 of the Lair of Beasts)

   [amulet of magic regeneration]

   It increases your rate of magic regeneration.
   Int+4:     It affects your intelligence (+4).
   rC-:       It makes you vulnerable to cold.
   rElec:     It insulates you from electricity.
   rPois:     It protects you from poison.
   RegenMP+:  It increases your rate of magic regeneration.
   It has a curse which improves the following skills: Melee Combat: Short
   Blades, Long Blades, Axes, Maces & Flails, Polearms, Staves and Unarmed
   Combat.
   Sorcery:   Conjurations and Alchemy.
 I - a ring of wizardry (left hand)
 P - a ring of protection from cold
 Y - the cursed ring of Ouranomancy (right hand) {EV+5, Comp, Elem}
   (You found it on level 11 of the Dungeon)

   [ring of evasion]

   EV+5:      It affects your evasion (+5).
   It has a curse which improves the following skills: Companions: Summonings
   and Necromancy.
   Elements:  Fire Magic, Ice Magic, Air Magic and Earth Magic.
Wands
 o - a wand of roots (28)
 C - a wand of acid (19)
 H - a wand of mindburst (21)
 M - a wand of digging (15)
 Z - a wand of flame (15)
Scrolls
 a - a scroll of enchant armour
 c - 3 scrolls of enchant weapon
 g - 2 scrolls of blinking
 h - 2 scrolls of revelation
 p - 3 scrolls of silence
 B - 3 scrolls of fog
 E - 6 scrolls of poison
 F - 2 scrolls of butterflies
 O - 4 scrolls of fear
 Q - 3 scrolls of amnesia
 T - 9 scrolls of teleportation
Potions
 e - 4 potions of enlightenment
 i - 9 potions of curing
 k - 7 potions of cancellation
 n - 6 potions of brilliance
 q - 2 potions of attraction
 u - 6 potions of resistance
 D - 2 potions of heal wounds
 J - 9 potions of ambrosia
 K - 6 potions of lignification
 L - 5 potions of haste
 N - 4 potions of might
 W - 2 potions of berserk rage
Miscellaneous
 S - a lightning rod (4/4)


   Skills:
 * Level 12.5(14.3) Fighting
 - Level 11.6(15.2) Short Blades
 + Level 0.1(7.4) Long Blades
 + Level 3.3 Throwing
 - Level 5.3 Armour
 + Level 7.8(11.4) Dodging
 + Level 12.4(16.0) Stealth
 * Level 9.9 Shields
 * Level 12.3(14.1) Spellcasting
 + Level 6.0(7.9) Conjurations
 + Level 9.4(12.1) Necromancy
 + Level 3.0 Translocations
 + Level 6.1(8.8) Fire Magic
 - Level 7.0(9.8) Ice Magic
 * Level 11.7(14.3) Air Magic
 + Level 7.0(8.9) Alchemy
 + Level 1.1 Evocations


You had 25 spell levels left.
You knew the following spells:

 Your Spells              Type           Power      Damage    Failure   Level
a - Ozocubu's Armour      Ice            64%        N/A       1%          3
b - Blink                 Tloc           70%        N/A       2%          2
c - Mephitic Cloud        Conj/Alch/Air  66%        N/A       1%          3
d - Sting                 Conj/Alch      100%       1d9       1%          1
h - Vhi's Electric Charg  Tloc/Air       100%       N/A       1%          4
w - Fugue of the Fallen   Necr           71%        N/A       1%          3
y - Sticky Flame          Fire/Alch      61%        2d10      1%          4

Your spell library contained the following spells:

 Spells                   Type           Power      Damage    Failure   Level
 Magic Dart               Conj           100%       1d8       1%          1
 Ensorcelled Hibernation  Hex/Ice        90%        N/A       1%          2
 Momentum Strike          Conj/Tloc      96%        3d10      1%          2
 Flame Wave               Conj/Fire      59%        2d14      1%          4
 Arcjolt                  Conj/Air       34%        1d44      1%          5
 Lesser Beckoning         Tloc           70%        N/A       2%          2
 Inner Flame              Hex/Fire       43%        N/A       2%          3
 Maxwell's Portable Pile  Tloc           35%        2d(8-24)  4%          3
 Teleport Other           Tloc           35%        N/A       4%          3
 Anguish                  Hex/Necr       25%        N/A       4%          4
 Iskenderun's Battlesphe  Conj           58%        2d11      5%          5
 Call Imp                 Summ           42%        N/A       6%          2
 Plasma Beam              Fire/Air       34%        2x1d47    6%          6
 Jinxbite                 Hex            38%        N/A       8%          2
 Call Canine Familiar     Summ           21%        N/A       13%         3
 Sigil of Binding         Hex            19%        N/A       16%         3
 Yara's Violent Unravell  Hex/Alch       21%        3d10      22%         5
 Dimensional Bullseye     Hex/Tloc       13%        N/A       26%         4
 Maxwell's Capacitive Co  Air            38%        ∞         61%         8
 Bombard                  Conj/Erth      20%        9d4       77%         6
 Magnavolt                Erth/Air       28%        3d16      87%         7
 Spellforged Servitor     Conj/Summ      20%        N/A       99%         7
 Enfeeble                 Hex            9%         N/A       100%        7
 Manifold Assault         Tloc           17%        N/A       100%        7


Dungeon Overview and Level Annotations

Branches:
Dungeon (15/15)            Temple (1/1) D:4            Lair (5/5) D:10
 Shoals (4/4) Lair:2       Spider (4/4) Lair:3        Slime (0/5) Lair:4
    Orc (2/2) D:12            Elf (0/3) Orc:2        Vaults (0/5) D:14
 Depths (0/4) D:15        Ossuary (visited)           IceCv (visited)

Altars:
Ashenzari
Cheibriados
Dithmenos
Fedhas
Gozag
Hepliaklqana
Kikubaaqudgha
Makhleb
Nemelex Xobeh
Okawaru
Qazlal
Ru
Sif Muna
Trog
Uskayaw
Vehumet
Wu Jian
Xom
Yredelemnul
Beogh

Shops:
D:7 **   Orc:1 (   Orc:2 [[(!   Shoals:2 (:

Portals:
Abyss: D:5

Annotations:
D:5 1 transporter, DrKenneth's ghost, novice MiFi
D:9 1 runed translucent door
Lair:1 exclusion: oklob plant
Lair:4 3 runed translucent doors, Ahar's ghost, journeyman HONe; Hoaki's ghost, journeyman HONe; Palemoclump's ghost, journeyman MiFi; Qazery's ghost, journeyman MDFi
Spider:4 2 runed translucent doors, araganzar's ghost, adept DsRe


Innate Abilities, Weirdness & Mutations

You have a pair of large horns on your head.
You are completely covered in thin metallic scales. (AC +4, rElec)
When hurt, damage is shared between your health and your magic reserves.
You regenerate magic rapidly.
You are shadowed, sometimes releasing foul flame when damaged in melee.


Message History

The merfolk javelineer freezes the merfolk.
Blink to where?
Press: ? - help, Dir - move target, p - satyr Splash!
As you read the scroll of blinking, it crumbles to dust.
The satyr no longer looks unusually strong.
You kill the satyr!
You hear a splash. x2
The merfolk javelineer is engulfed in noxious fumes.
The faun unwields a +0 spear.
The faun wields a +0 sling.
The faun shoots a sling bullet.
The sling bullet misses you.
Casting: Fugue of the Fallen (safe; 1% risk of failure)
Confirm with . or Enter, or press ? or * to list all spells.
You don't have enough magic to cast this spell.
Unknown command.
You fade into invisibility!
The merfolk javelineer is engulfed in noxious fumes.
The merfolk javelineer appears confused.
The merfolk javelineer is engulfed in noxious fumes.
The merfolk javelineer throws a silver javelin.
The silver javelin completely misses you.
Casting: Fugue of the Fallen (safe; 1% risk of failure)
Confirm with . or Enter, or press ? or * to list all spells.
Aiming: Mephitic Cloud (safe; 1% risk of failure)
Press: ? - help, Shift-Dir - straight line, f - faun
Aim: a faun, wielding a +0 sling (umbra, chance to affect: 53%)
The ball explodes into a vile cloud!
The stinking cloud engulfs the faun.
The stinking cloud engulfs the plant.
You hear an angry hiss.
The merfolk javelineer seems to regain its courage.
The faun is engulfed in noxious fumes.
The faun appears confused.
The merfolk javelineer throws a silver javelin.
The silver javelin pierces through you.
* * * LOW HITPOINT WARNING * * *
The silver sears you!
* * * LOW HITPOINT WARNING * * *
The silver javelin pierces through the faun!
The merfolk javelineer throws a silver javelin.
The silver javelin pierces through you!
You die...

...........~~~~~~~~~~~~#...######
............~~~~~~~~~~~##.(......
...PP........~~~~~~~~~.~#........
#......P......~~~~~P~~~~###.....#
#..~..##......PP~~~$....~~#######
.P~~~~..##.....~~~~.P.....§§§..~~
##~~.........#.P§☼~.....§§§{§..t.
~~~~/........##§☼§~..##P§.§§k§#.P
,P.....##P...##c@§~...##§§mmct##.
*~............##~~~~..##..~~~§~#~
,*#~..~.#....~~~~~~~~P.#~~~~~#~~~
,,,...~.#~..~~P~tP~~~~~~~~~~~~~[c
,,.PPP~~~~~~~~...~~~~~~~~~~~#...
,..S~~~~~~~~....mP~~~☼~m~~.~...
,..~~~~~~~~~~...~~~)☼~~~~~.....
,,.~~~~~~~~~~~.~~~°~mm~~~~...##
,,~~~~~~~~~~~~~~~~~○)☼~~~~....,


You could see 2 merfolk javelineers, a snapping turtle, a faun (confused) and a
water nymph (confused).

Vanquished Creatures
  Nikola (Lair:2)
  Arachne (Spider:3)
  Jorgrun (Shoals:1)
  Polyphemus (Shoals:3)
  Agnes (D:14)
  Gastronok (D:8)
  Kirke (Shoals:1)
  A frost giant (IceCv)
  3 emperor scorpions (Spider:4)
  3 ghost moths
  An orc warlord (Orc:2)
  5 broodmothers
  A stone giant (D:15)
  Nessos (D:12)
  4 spark wasps
  Snorg (D:12)
  Josephine (D:12)
  A yaktaur captain (D:14)
  5 merfolk impalers
  6 entropy weavers
  7 hydras
  Erolcha (D:10)
  3 merfolk avatars
  4 jorogumos
  A catoblepas (Shoals:3)
  3 radroaches
  4 centaur warriors
  3 two-headed ogres
  Erica (Orc:1)
  2 merfolk aquamancers
  2 boulder beetles
  3 orc high priests
  8 satyrs (Shoals:4)
  19 death yaks
  2 tengu warriors (D:15)
  8 death scarabs
  A demonic crawler (Spider:1)
  Amaemon (Lair:3)
  7 skysharks
  7 sea snakes
  3 pharaoh ants
  4 skeletal warriors
  7 orb spiders
  2 sun moths
  A spectral jorogumo (Spider:4)
  A harpy (shapeshifter) (D:13)
  13 harpies
  A wolf spider zombie (Spider:4)
  10 steelbarb worms
  2 orc knights
  2 spectral wolf spiders (Spider:4)
  A deep elf pyromancer (D:13)
  17 ugly things
  8 fauns (Shoals:4)
  3 orc sorcerers
  16 wolf spiders
  A broodmother zombie (Spider:4)
  10 manticores
  Maurice (D:7)
  4 cyclopes
  4 moths of wrath
  4 kobold blastminers (Orc:2)
  4 merfolk sirens
  4 black mambas (Lair:4)
  17 elephants
  Joseph (D:8)
  4 water nymphs
  Maggie (D:7)
  4 molten gargoyles (D:12)
  8 torpor snails
  An ice statue (IceCv)
  An orange demon (Lair:3)
  11 cane toads
  12 rime drakes
  An unseen horror (D:12)
  A redback zombie (Spider:4)
  2 yaktaurs (D:14)
  15 komodo dragons
  A spectral redback (Spider:4)
  2 kobold demonologists (D:10)
  2 efreet
  7 trolls
  9 polar bears
  A queen bee (shapeshifter) (D:14)
  A hellwing (D:8)
  3 wind drakes
  2 spectral culicivoras (Spider:4)
  2 spectral jumping spiders (Spider:4)
  Grinder (D:3)
  3 dream sheep (Lair:3)
  18 merfolk
  3 spectral tarantellas (Spider:4)
  A culicivora zombie (Spider:4)
  17 tarantellas
  29 blink frogs
  39 jumping spiders
  7 snapping turtles
  4 jumping spider zombies (Spider:4)
  A centaur simulacrum (D:15)
  3 slime creatures (D:12)
  24 culicivoras
  4 water elementals
  3 wyverns
  A shadow (D:12)
  6 wraiths
  56 redbacks
  67 yaks
  2 wargs
  A fire elemental (D:12)
  7 basilisks
  3 hogs (Shoals:1)
  4 steam dragons
  Menkaure (D:7)
  5 vampire mosquitoes
  17 water moccasins
  2 acid dragons (D:12)
  39 orc warriors
  2 laughing skulls (D:15)
  3 black bears
  24 wolves
  5 boggarts (D:14)
  10 ogres
  8 centaurs
  6 kobold brigands
  An elf zombie (Ossuary)
  A gnoll sergeant (D:5)
  18 bullfrogs
  4 scorpions (D:6)
  12 wights (D:8)
  6 killer bees
  4 electric eels
  A howler monkey (D:4)
  3 centaur zombies (Ossuary)
  5 jellies
  A quasit (D:8)
  3 human zombies (Ossuary)
  Crazy Yiuf (D:4)
  A gnoll bouda (D:10)
  4 hounds
  17 orc priests
  A sleepcap (D:4)
  A human skeleton (D:9)
  3 iguanas
  25 orc wizards
  7 hound zombies (Ossuary)
  2 mummies (Ossuary)
  18 gnolls
  9 adders
  A shadow imp (D:6)
  3 white imps
  6 adder zombies (Ossuary)
  4 dart slugs
  A ribbon worm (D:3)
  102 orcs
  10 ball pythons
  6 bats
  11 endoplasms
  6 giant cockroaches
  2 gnoll zombies (Ossuary)
  5 goblins
  10 hobgoblins
  2 jackals
  6 quokkas
  3 training dummies (Orc:1)
  5 frilled lizards
  A goblin skeleton (D:9)
  8 jackal zombies (Ossuary)
  20 kobolds
  4 kobold zombies (Ossuary)
  3 orc zombies (Ossuary)
  6 rats
1158 creatures vanquished.

Vanquished Creatures (collateral kills)
  An orb spider (Spider:2)
  A tarantella (Spider:1)
2 creatures vanquished.

Vanquished Creatures (others)
  A sea snake (Shoals:4)
  A kobold blastminer (Orc:2)
  A merfolk (Shoals:4)
  2 electric eels
  An orc wizard (Orc:2)
6 creatures vanquished.

Grand Total: 1166 creatures vanquished

Notes
Turn   | Place    | Note
-------+----------+-------------------------------------------
     0 | D:1      | Esekla the Demonspawn Wanderer began the quest for the Orb.
     0 | D:1      | Esekla set off with the following items: a +0 dagger, 2
                  | atropa-tipped darts, 2 datura-tipped darts, a +0 buckler, a
                  | scroll of teleportation, a +0 robe; and the following spell
                  | memorised: Sting; and the following spells available to
                  | memorise: Mephitic Cloud.
     0 | D:1      | Reached XP level 1. HP: 15/15 MP: 2/2
   119 | D:1      | Gained mutation: You have a pair of small horns on your
                  | head. [demonic ancestry]
   119 | D:1      | Reached XP level 2. HP: 21/21 MP: 1/3
   597 | D:1      | You fall into a shaft and drop 1 floor!
   762 | D:2      | Gained mutation: You are partially covered in thin metallic
                  | scales. (AC +2) [demonic ancestry]
   762 | D:2      | Reached XP level 3. HP: 26/26 MP: 2/4
   831 | D:2      | Learned a level 3 spell: Mephitic Cloud
  1096 | D:3      | Noticed Grinder
  1263 | D:2      | Reached XP level 4. HP: 32/32 MP: 3/6
  1659 | D:1      | Reached skill level 1 in Conjurations
  1788 | D:2      | Found a basalt altar of Yredelemnul.
  2212 | D:2      | Reached skill level 1 in Air Magic
  2632 | D:3      | Paralysed by Grinder for 5 turns
  2652 | D:3      | Paralysed by Grinder for 2 turns
  2812 | D:4      | Found a sand-covered staircase.
  2821 | Ossuary  | Entered an ossuary
  2842 | Ossuary  | Gained mutation: You have a pair of horns on your head.
                  | [demonic ancestry]
  2842 | Ossuary  | Reached XP level 5. HP: 36/37 MP: 8/8
  3328 | Ossuary  | Reached skill level 1 in Short Blades
  3415 | Ossuary  | Reached XP level 6. HP: 40/44 MP: 9/9
  4053 | Ossuary  | Gained mutation: You are mostly covered in thin metallic
                  | scales. (AC +3) [demonic ancestry]
  4053 | Ossuary  | Reached XP level 7. HP: 36/51 MP: 9/11
  4475 | D:4      | Found a staircase to the Ecumenical Temple.
  4498 | Temple   | Entered the Ecumenical Temple
  4519 | Temple   | Became a worshipper of Ashenzari the Shackled
  4840 | D:4      | Found an opulent altar of Gozag.
  4841 | D:4      | Found a sacrificial altar of Ru.
  5205 | D:4      | Found a runed translucent door.
  5206 | D:4      | Noticed Crazy Yiuf
  5259 | D:5      | Entered Level 5 of the Dungeon
  5272 | D:5      | Gained mutation: You are faintly shadowed, very rarely
                  | releasing foul flame when damaged in melee. [demonic
                  | ancestry]
  5272 | D:5      | Reached XP level 8. HP: 39/58 MP: 11/13
  5609 | D:5      | Noticed an ancient zyme
  5614 | D:5      | Found a transporter.
  5630 | D:5      | Found a one-way gate to the infinite horrors of the Abyss.
  5630 | D:5      | Noticed DrKenneth's ghost (novice MiFi)
  5729 | D:5      | Found a transporter.
  5943 | D:5      | Learned a level 4 spell: Sticky Flame
  6266 | D:5      | Reached skill level 1 in Fire Magic
  6556 | D:6      | Reached XP level 9. HP: 62/65 MP: 9/15
  7015 | D:7      | Noticed Maurice
  7030 | D:7      | Maurice stole 6 poisoned darts
  7034 | D:7      | Killed Maurice
  7219 | D:7      | Found Zatacue's Assorted Antiques.
  7223 | D:7      | Bought a scroll labelled FALLON JUJO for 27 gold pieces
  7223 | D:7      | Bought a scroll labelled CEFFUTH PAES for 27 gold pieces
  7223 | D:7      | Bought a scroll labelled CEFFUTH PAES for 27 gold pieces
  7293 | D:7      | Noticed Maggie
  7319 | D:7      | Killed Maggie
  7320 | D:7      | Reached skill level 5 in Short Blades
  7401 | D:7      | Found Utho's Gadget Gallery.
  7458 | D:7      | Noticed Menkaure
  7462 | D:7      | Killed Menkaure
  7870 | D:8      | Identified the amulet of Egalitarianism {Faith ^Drain rF+
                  | Dex+9}
  8094 | D:8      | Gained mutation: You regenerate magic rapidly. [demonic
                  | ancestry]
  8094 | D:8      | Reached XP level 10. HP: 73/74 MP: 17/17
  8108 | D:8      | Noticed Joseph
  8162 | D:8      | Killed Joseph
  8163 | D:8      | Reached skill level 5 in Fighting
  8278 | D:8      | Found a bloodstained altar of Trog.
  8407 | D:8      | Noticed Gastronok
  8446 | D:8      | Killed Gastronok
  8447 | D:8      | Reached skill level 5 in Armour
  8447 | D:8      | Reached skill level 5 in Spellcasting
  8481 | D:8      | Reached skill level 5 in Shields
  8514 | D:8      | Found a shimmering blue altar of Sif Muna.
  8938 | D:9      | Found a runed translucent door.
  8950 | D:9      | Found an ornate altar of the Wu Jian Council.
  9045 | D:10     | Entered Level 10 of the Dungeon
  9125 | D:10     | Reached * piety under Ashenzari
  9125 | D:10     | Identified a scroll of acquirement
  9381 | D:10     | Found a staircase to the Lair.
  9422 | D:10     | Noticed Erolcha
  9452 | D:10     | Killed Erolcha
  9453 | D:10     | Reached skill level 1 in Throwing
  9453 | D:10     | Reached skill level 5 in Stealth
  9453 | D:10     | Reached XP level 11. HP: 81/83 MP: 20/20
  9594 | D:10     | Found a sparkling altar of Nemelex Xobeh.
  9662 | D:10     | Identified the +0 scale mail "Woreblag" {Harm rElec rPois
                  | rF-}
  9818 | D:10     | Learned a level 3 spell: Ozocubu's Armour
  9822 | D:10     | Learned a level 3 spell: Fugue of the Fallen
 10129 | D:11     | Noticed a two-headed ogre
 10130 | D:11     | Noticed a boulder beetle
 10162 | D:11     | Killed a boulder beetle
 10163 | D:11     | Reached skill level 1 in Necromancy
 10163 | D:11     | Reached skill level 1 in Ice Magic
 10309 | D:11     | Reached ** piety under Ashenzari
 10435 | D:11     | Killed a two-headed ogre
 10436 | D:11     | Reached skill level 5 in Air Magic
 11257 | D:12     | Noticed a two-headed ogre
 11274 | D:12     | Killed a two-headed ogre
 11307 | D:12     | Noticed Snorg
 11361 | D:12     | Noticed a cyan ugly thing
 11385 | D:12     | Killed a cyan ugly thing
 11386 | D:12     | Reached skill level 1 in Translocations
 11632 | D:12     | Noticed Nessos
 11650 | D:12     | Killed Nessos
 11968 | D:12     | Gained mutation: When hurt, damage is shared between your
                  | health and your magic reserves. [demonic ancestry]
 11968 | D:12     | Reached XP level 12. HP: 92/92 MP: 23/23
 11975 | D:12     | Found a staircase to the Orcish Mines.
 11983 | D:12     | Reached skill level 5 in Dodging
 11983 | D:12     | Reached skill level 1 in Evocations
 12491 | D:12     | Noticed Josephine
 12995 | D:12     | Killed Josephine
 13549 | D:12     | Killed Snorg
 13945 | D:5      | Learned a level 2 spell: Blink
 14040 | D:4      | Killed Crazy Yiuf
 14193 | D:3      | Killed Grinder
 14680 | D:9      | Noticed a two-headed ogre
 14696 | D:8      | Killed a two-headed ogre
 14771 | Lair:1   | Entered Level 1 of the Lair of Beasts
 15742 | Lair:2   | Found a staircase to the Shoals.
 15872 | Lair:2   | Reached XP level 13. HP: 103/103 MP: 26/26
 16304 | Lair:2   | Reached *** piety under Ashenzari
 16605 | Lair:2   | Reached skill level 5 in Necromancy
 17237 | Lair:2   | Upgraded the game from 0.32-a0-995-gb4a59205af to
                  | 0.32-a0-996-gb3226c233f
 17281 | Lair:3   | Noticed Amaemon
 17316 | Lair:3   | Killed Amaemon
 17521 | Lair:3   | Found a hole to the Spider Nest.
 17874 | Lair:3   | Reached skill level 5 in Conjurations
 18166 | Lair:4   | Reached skill level 5 in Fire Magic
 18461 | Lair:4   | Found a staircase to the Slime Pits.
 18540 | Lair:4   | Reached XP level 14. HP: 113/114 MP: 14/30
 18584 | Lair:4   | Found a runed translucent gate.
 18585 | Lair:4   | Found a runed translucent gate.
 18586 | Lair:4   | Found a runed translucent gate.
 18587 | Lair:4   | Noticed Ahar's ghost (journeyman HONe)
 18598 | Lair:4   | Noticed Palemoclump's ghost (journeyman MiFi)
 18598 | Lair:4   | Noticed Qazery's ghost (journeyman MDFi)
 18598 | Lair:4   | Noticed Hoaki's ghost (journeyman HONe)
 18605 | Lair:4   | Identified the ring "Ovypru Lowa" {Fly rC+}
 18778 | Lair:4   | Reached skill level 5 in Ice Magic
 19652 | Orc:1    | Entered Level 1 of the Orcish Mines
 19659 | Orc:1    | Noticed Erica
 19693 | Orc:1    | Killed Erica
 19735 | Orc:1    | Reached **** piety under Ashenzari
 19747 | Orc:1    | Found Wichuy's Firing Range.
 20103 | Orc:1    | Reached skill level 5 in Alchemy
 20203 | Orc:2    | Entered Level 2 of the Orcish Mines
 20238 | Orc:2    | Found a roughly hewn altar of Beogh.
 20339 | Orc:2    | Found a frozen archway.
 20506 | Orc:2    | Found a staircase to the Elven Halls.
 20558 | IceCv    | Entered an ice cave
 20979 | IceCv    | Noticed a frost giant
 21087 | IceCv    | Killed a frost giant
 21368 | Orc:2    | Found a roughly hewn altar of Beogh.
 21373 | Orc:2    | Found Jolog's Armour Emporium.
 21551 | Orc:2    | Found a roughly hewn altar of Beogh.
 21683 | Orc:2    | Found a roughly hewn altar of Beogh.
 21758 | Orc:2    | Noticed an orc warlord
 21830 | Orc:2    | Killed an orc warlord
 21871 | Orc:2    | Found Cotsiafe's Antique Weapon Shoppe.
 21872 | Orc:2    | Found a roughly hewn altar of Beogh.
 21875 | Orc:2    | Found Hyewuoss's Antique Armour Emporium.
 21979 | Orc:2    | Reached XP level 15. HP: 121/121 MP: 31/31
 21983 | Orc:2    | Found a roughly hewn altar of Beogh.
 22021 | Orc:2    | Found Kuvamena's Distillery.
 22096 | Orc:2    | Found a roughly hewn altar of Beogh.
 22371 | Orc:2    | Bought a brightly glowing dagger for 259 gold pieces
 22371 | Orc:2    | Identified the +2 dagger of the Vendetta {freeze, Dex+3}
                  | (You bought it in a shop on level 2 of the Orcish Mines)
 22415 | Orc:1    | Acquired a +4 quick blade of venom
 22570 | Lair:5   | Entered Level 5 of the Lair of Beasts
 22649 | Lair:5   | Reached skill level 10 in Spellcasting
 23000 | Lair:5   | Identified the +2 pair of gloves of Vibyiq {+Blink rC+
                  | Int+3 SInv}
 23001 | Lair:5   | Identified the amulet of Egalitarianism {rElec rPois rC-
                  | RegenMP+ Int+4}
 23001 | Lair:5   | Identified the +7 trident "Giantbane" {heavy, rC+}
 23238 | Lair:5   | Reached skill level 10 in Short Blades
 24041 | D:13     | Identified the +4 falchion of Recklessness {freeze, +Blink
                  | rN+ Will+}
 24496 | D:14     | Noticed Agnes
 24657 | D:14     | Reached skill level 10 in Fighting
 24741 | D:14     | Found a gate to the Vaults.
 25152 | D:14     | Killed Agnes
 25255 | D:15     | Entered Level 15 of the Dungeon
 25501 | D:15     | Found a staircase to the Depths.
 25563 | D:15     | Gained mutation: You are shadowed, sometimes releasing foul
                  | flame when damaged in melee. [demonic ancestry]
 25563 | D:15     | Reached XP level 16. HP: 117/124 MP: 28/31
 25788 | D:15     | Learned a level 4 spell: Vhi's Electric Charge
 26010 | D:15     | Identified the +7 falchion of Dusk {venom, ^Fragile rElec
                  | rC+ Str+4}
 26402 | Spider:1 | Entered Level 1 of the Spider Nest
 26647 | Spider:1 | Reached skill level 10 in Stealth
 26769 | Spider:1 | Identified the +2 long sword of the Manifold Tables {venom,
                  | +Blink rF- rN+ rCorr}
 27755 | Spider:2 | Reached skill level 10 in Air Magic
 28406 | Spider:3 | Noticed Arachne
 28440 | Spider:3 | Killed Arachne
 28651 | Spider:3 | Gained mutation: You have a pair of large horns on your
                  | head. [demonic ancestry]
 28651 | Spider:3 | Reached XP level 17. HP: 135/135 MP: 34/34
 29283 | Spider:4 | Entered Level 4 of the Spider Nest
 29432 | Spider:4 | Found a large runed translucent door.
 29432 | Spider:4 | Found a large runed translucent door.
 29432 | Spider:4 | Noticed araganzar's ghost (adept DsRe)
 30474 | Spider:4 | Found the +2 pair of slick slippers {slick, slippery, EV+4}
 30488 | Spider:4 | Got a gossamer rune of Zot
 30845 | Shoals:1 | Entered Level 1 of the Shoals
 30960 | Shoals:1 | Noticed Kirke
 30974 | Shoals:1 | Killed Kirke
 31030 | Shoals:1 | Noticed Nikola
 31095 | Lair:2   | Killed Nikola
 31143 | Shoals:1 | Noticed Jorgrun
 31159 | Shoals:1 | Killed Jorgrun
 31417 | Shoals:2 | Found Pumauchu's Vocational Training.
 31957 | Shoals:2 | Found Luofaziu's Weapon Shop.
 32461 | Shoals:3 | Noticed Polyphemus
 32474 | Shoals:3 | Gained mutation: You are completely covered in thin
                  | metallic scales. (AC +4, rElec) [demonic ancestry]
 32474 | Shoals:3 | Reached XP level 18. HP: 97/146 MP: 25/35
 32499 | Shoals:3 | Killed Polyphemus
 33168 | Shoals:4 | Entered Level 4 of the Shoals
 33272 | Shoals:4 | HP: 5/146 [merfolk javelineer/silver javelin (5)]
 33666 | Orc:2    | Bought a potion of heal wounds for 65 gold pieces
 33666 | Orc:2    | Bought a potion of heal wounds for 65 gold pieces
 33666 | Orc:2    | Bought a potion of heal wounds for 65 gold pieces
 34216 | Shoals:4 | HP: 5/146 [satyr/arrow (25)]
 34221 | Shoals:4 | Hit by a silver javelin thrown by a merfolk javelineer

Illustrated notes

Levels and vault maps discovered:
D:1:      saegor_arrival_simple_c, layout_rooms
D:2:      layout_basic, basic_altar
D:3:      minmay_razor_zed, layout_basic, kennysheep_generic_room_7,
          uniq_grinder
D:4:      layout_cave_pools, nicolae_overflow_squiral,
          minmay_temple_entry_drinking_statues, enter_ossuary_1,
          minmay_manual_mail, uniq_crazy_yiuf_cottage
D:5:      layout_rooms, gammafunk_ghost_abyssal_escape
D:6:      layout_cave_pools
D:7:      layout_basic, serial_shops, nicolae_shop_peninsula,
          nicolae_shop_gadgets, uniq_maurice, uniq_maggie, uniq_menkaure
D:8:      layout_loops_cross, chequers_temple_overflow_statue_of_worship,
          led_sif_pool, minmay_fractal_squares_diagonal_5, uniq_gastronok,
          uniq_joseph
D:9:      layout_cave_pools, dk_yredelemnul_ordeal,
          nicolae_wu_jian_wuxing_cycle, serial_demonic, serial_demonic_a,
          serial_demonic_e, serial_demonic_a, serial_demonic_e,
          serial_demonic_e, serial_demonic_d, serial_demonic_b
D:10:     nicolae_cairo_tiling_large_dashed, layout_irregular_city,
          mainiacjoe_overflow_chevrons, lair_entry_dummy,
          lightli_fourway_metalbox, uniq_erolcha
D:11:     layout_loops_cross
D:12:     layout_stronghold, erik_orc_3, minivault_8, uniq_snorg,
          uniq_josephine, uniq_nessos
D:13:     layout_loops_ring, hangedman_decor_clover_reticule
D:14:     layout_loops_cross, david_vaults_2, uniq_agnes
D:15:     grunt_enter_depths_snipers, layout_gridville, nrook_mini_backslash
Temple:   dpeg_chambers_temple
Lair:1:   beast_lair_carwin_large_2, layout_misc_corridors
Lair:2:   layout_cave_pods, elwin_shoals_entry_rooms, beast_lair_carwin_6,
          grunt_megastairs_1
Lair:3:   layout_roguey, hellmonk_spider_entry_life_and_decay,
          grunt_megastairs_2, lemuel_fruit_fields, lemuel_fruit_fields,
          infiniplex_staircase_pool, uniq_amaemon
Lair:4:   layout_layer_cave, slime_entry_2, gammafunk_ghost_cemetery
Lair:5:   gammafunk_lair_ancient_temple, layout_cellular_growth
Shoals:1: layout_shoals, uniq_kirke, uniq_nikola, uniq_jorgrun
Shoals:2: layout_shoals, serial_shops, shop, nicolae_shop_vocational
Shoals:3: layout_shoals, uniq_polyphemus
Shoals:4: shoals_end_grunt_garden, layout_shoals,
          nicolae_shoals_nautilus_by_nature
Spider:1: nicolae_spider_jumping_over_cracks [nicolae_spider_jumping_sub_offset,
          nicolae_spider_jumping_sub_divot, nicolae_spider_jumping_sub_plain,
          nicolae_spider_jumping_sub_stairs]
Spider:2: layout_spider_delve, nicolae_spider_nooks_and_crannies
Spider:3: nicolae_spider_obnoxious_hallway, hellmonk_test_site, uniq_arachne
Spider:4: floodkiller_spider_rune_tomb, ebering_ghost_disaster_area,
          nicolae_spider_stair_cavern
Orc:1:    layout_caves, nicolae_shop_firing_range, uniq_erica
Orc:2:    grunt_orc_community_town_hall, layout_caves,
          grunt_orc_community_big_house_2, grunt_orc_community_big_house_1,
          grunt_orc_community_house_3, grunt_orc_community_house_2,
          grunt_orc_community_house_3, grunt_orc_community_house_3,
          portal_ice_cave_rime

Skill      XL: |  1  2  3  4  5  6  7  8  9 10 11 12 13 14 15 16 17 18 |
---------------+-------------------------------------------------------+-----
Armour         | 2 3 4 5 |  5.3
Stealth        | 2 3 4 5 6 7 8 9 11 12 | 12.4
Conjurations   | 1 2 3 4 5 6 |  6.0
Spellcasting   | 2 3 4 5 6 8 9 10 11 12 | 12.3
Air Magic      | 1 2 3 4 5 6 7 8 9 10 11 | 11.7
Shields        | 2 3 4 5 6 8 9 |  9.9
Short Blades   | 1 2 3 5 6 8 9 10 11 | 11.6
Fighting       | 2 3 4 5 6 8 9 10 11 12 | 12.5
Dodging        | 2 3 4 5 6 7 |  7.8
Fire Magic     | 1 2 4 5 6 |  6.1
Alchemy        | 3 4 5 6 7 |  7.0
Throwing       | 1 2 3 |  3.3
Necromancy     | 3 4 6 7 9 |  9.4
Ice Magic      | 2 3 4 6 7 |  7.0
Translocations | 1 2 3 |  3.0
Evocations     | 1 |  1.1
Long Blades    | |  0.1

Action                     |  1- 3 |  4- 6 |  7- 9 | 10-12 | 13-15 | 16-18 || total
---------------------------+-------+-------+-------+-------+-------+-------++-------
  Melee: Dagger            |    63 |   395 |   316 |   969 |   975 |       ||  2718
         Headbutt          |     8 |    91 |    87 |   302 |   521 |   555 ||  1564
         Falchion          |       |       |       |       |     4 |       ||     4
         Scimitar          |       |       |       |       |    24 |     1 ||    25
         Quick blade       |       |       |       |       |   580 |  1690 ||  2270
  Throw: Dart              |       |       |     7 |    53 |    62 |     6 ||   128
         Boomerang         |       |       |       |    11 |    23 |    31 ||    65
   Cast: Sting             |    30 |    39 |    53 |     2 |       |       ||   124
         Mephitic Cloud    |       |       |    20 |    53 |    91 |    94 ||   258
         Sticky Flame      |       |       |       |    24 |    90 |    58 ||   172
         Ozocubu's Armour  |       |       |       |    27 |    12 |    16 ||    55
         Fugue of the Fall |       |       |       |     5 |    10 |    18 ||    33
         Blink             |       |       |       |     3 |     1 |     6 ||    10
         Vhi's Electric Ch |       |       |       |       |       |     2 ||     2
 Invoke: Curse Item        |       |       |     1 |     3 |     3 |     3 ||    10
         Shatter the Chain |       |       |       |       |     3 |     1 ||     4
  Evoke: Wand              |       |       |     4 |     8 |     2 |     3 ||    17
         Lightning rod     |       |       |       |     4 |       |     2 ||     6
    Use: Scroll            |       |     4 |     2 |     6 |     2 |     7 ||    21
         Potion            |       |       |     5 |     1 |     4 |    11 ||    21
   Stab: Sleeping          |     1 |     1 |    10 |    26 |    51 |    67 ||   156
         Confused          |       |       |    12 |    39 |   131 |   114 ||   296
         Distracted        |       |       |       |     3 |     4 |     4 ||    11
         Petrified         |       |       |       |       |       |     3 ||     3
 Armour: Robe              |    34 |       |       |       |       |       ||    34
         Leather armour    |    14 |   280 |   182 |     1 |       |       ||   477
         Steam dragon scal |       |       |       |   214 |       |       ||   214
         Troll leather arm |       |       |       |    82 |   403 |   485 ||   970
  Dodge: Dodged            |    59 |   285 |   215 |   554 |   781 |   673 ||  2567
  Block: Buckler           |    15 |   100 |    63 |   176 |   145 |       ||   499
         Kite shield       |       |       |       |       |   277 |   652 ||   929

Table legend: (Time is in decaauts)
 A = Elapsed time spent in this place.
 B = Non-inter-level travel time spent in this place.
 C = Inter-level travel time spent in this place.
 D = Time resting spent in this place.
 E = Time spent auto-exploring this place.
 F = Levels seen in this place.
 G = Mean time per level.
                   A        B        C        D        E       F      G
               +--------+--------+--------+--------+--------+-----+--------+
         Total |  33559 |  31007 |   2552 |   4994 |   8623 |  33 | 1016.9 |
       Dungeon |  16004 |  14612 |   1392 |   2709 |   4064 |  15 | 1066.9 |
        Temple |     42 |      1 |     41 |      0 |      0 |   1 |   42.0 |
          Lair |   6059 |   5467 |    592 |    444 |   2033 |   5 | 1211.8 |
        Shoals |   3127 |   2896 |    231 |    376 |    914 |   4 |  781.8 |
   Spider Nest |   4321 |   4129 |    192 |    847 |    936 |   4 | 1080.2 |
  Orcish Mines |   2034 |   1932 |    102 |    234 |    598 |   2 | 1017.0 |
       Ossuary |   1302 |   1302 |      0 |    283 |      0 |   1 | 1302.0 |
      Ice Cave |    665 |    665 |      0 |     99 |     78 |   1 |  665.0 |
               +--------+--------+--------+--------+--------+-----+--------+

Top non-repeatable levels by time:
    D:12: 2937 daAuts
  Lair:2: 1717 daAuts
   Orc:2: 1452 daAuts
  Lair:4: 1369 daAuts
 Ossuary: 1302 daAuts
     D:8: 1302 daAuts
     D:4: 1292 daAuts
Spider:4: 1291 daAuts
     D:2: 1233 daAuts
Spider:2: 1109 daAuts
     D:3: 1093 daAuts
  Lair:3: 1086 daAuts
     D:1: 1054 daAuts
Shoals:3: 1041 daAuts
  Lair:5: 1033 daAuts
